 Dungeon Crawl Stone Soup version 0.18.1-50-g88ac8fd (webtiles) character file.

15437 Avan the Grappler (level 12, -5/111 HPs)
             Began as a Troll Chaos Knight on Sept 20, 2016.
             Slain by a death yak simulacrum (33 damage)
             ... in an ice cave.
             The game lasted 00:30:24 (10544 turns).

Avan the Grappler (Troll Chaos Knight)             Turns: 10544, Time: 00:30:26

Health: -5/111     AC: 17    Str: 29    XL:     12   Next: 1%
Magic:  11/11      EV:  9    Int: 16    God:    Xom [......]
Gold:   220        SH: 12    Dex: 14    Spells: 0 memorised, 11 levels left

rFire  . . .     SeeInvis .       - Unarmed
rCold  . . .     Gourm    +     v - +7 mottled dragon armour of Qeulic {Dex+5}
rNeg   . . .     Faith    .     r - +1 shield of the Pits of Slime {Int+3}
rPois  +         Spirit   .     (helmet restricted)
rElec  .         Dismiss  .     (no cloak)
rCorr  .         Reflect  .     (gloves unavailable)
SustAt .         Harm     .     (boots unavailable)
MR     +....                    I - amulet of rage
Stlth  +.........               V - ring of Cimatwa {MR+ Str+2 Int+5}
                                x - ring of poison resistance

@: exhausted, somewhat resistant to hostile enchantments, very unstealthy
A: unfitting armour, claws 3, fast metabolism 3, gourmand, regeneration 2,
shaggy fur 1, tough skin 2
a: Renounce Religion, Evoke Berserk Rage


You were in an ice cave.
You worshipped Xom.
You were a very special plaything of Xom.
You were very full.

You visited 3 branches of the dungeon, and saw 14 of its levels.
You also visited: Ossuary and Ice Cave.

You collected 1494 gold pieces.
You spent 1274 gold pieces at shops.

Inventory:

Hand Weapons
 R - the +7 long sword of True Grit {speed, Str+8}
   (You found it on level 9 of the Dungeon)

   Attacks with this weapon are significantly faster.
   It affects your strength (+8).
Armour
 r - the +1 shield of the Pits of Slime (worn) {Int+3}
   (You acquired it on level 10 of the Dungeon)

   It affects your intelligence (+3).
 v - the +7 mottled dragon armour of Qeulic (worn) {Dex+5}
   (You acquired it on level 10 of the Dungeon)

   It affects your dexterity (+5).
Rods
 Y - a +0 rod of inaccuracy (10/10)
   (You found it on level 10 of the Dungeon)
Jewellery
 x - a ring of poison resistance (left claw)
 I - an amulet of rage (around neck)
 N - an uncursed amulet of magic regeneration
 P - an uncursed amulet of harm
 V - the ring of Cimatwa (right claw) {MR+ Str+2 Int+5}
   (You found it on level 9 of the Dungeon)

   [ring of intelligence]

   It affects your strength (+2).
   It affects your intelligence (+5).
   It affects your resistance to hostile enchantments.
Wands
 a - a wand of disintegration (10/24)
 e - a wand of hasting (7/9)
 k - a wand of lightning (10/15)
 p - a wand of flame (18/48)
 q - a wand of lightning (5/15)
 t - a wand of digging (16/24)
 C - a wand of digging (19/24)
 E - a wand of digging (13/24)
 F - a wand of disintegration (9/24)
 O - a wand of iceblast (6/15)
Scrolls
 f - 7 scrolls of identify
 h - 15 scrolls of remove curse
 j - 7 scrolls of magic mapping
 n - a scroll of fear
 s - 4 scrolls of teleportation
 w - a scroll of enchant weapon
 Q - a scroll of holy word {unknown}
 S - a scroll of enchant armour
 U - a scroll of immolation
 W - a scroll of summoning {unknown}
Potions
 c - 7 potions of curing
 i - 2 potions of heal wounds
 l - 2 potions of flight
 G - 2 potions of haste
 H - a potion of berserk rage
 J - a potion of brilliance
 K - 2 potions of lignification
Books
 d - a book of Annihilations

   Spells                             Type                      Level
   a - Poison Arrow                   Conjuration/Poison           6
   b - Chain Lightning                Conjuration/Air              8
   c - Lehudib's Crystal Spear        Conjuration/Earth            8
   d - Glaciate                       Conjuration/Ice              9
   e - Fire Storm                     Conjuration/Fire             9
 u - a book of the Tempests

   Spells                             Type                      Level
   a - Static Discharge               Conjuration/Air              3
   b - Lightning Bolt                 Conjuration/Air              5
   c - Fireball                       Conjuration/Fire             5
   d - Tornado                        Air                          9
   e - Shatter                        Earth                        9
 y - a book of Ice

   Spells                             Type                      Level
   a - Ice Form                       Ice/Transmutation            4
   b - Metabolic Englaciation         Hexes/Ice                    5
   c - Ozocubu's Refrigeration        Ice                          6
   d - Bolt of Cold                   Conjuration/Ice              6
   e - Freezing Cloud                 Conjuration/Ice/Air          6
   f - Simulacrum                     Ice/Necromancy               6
 z - a book of Battle

   Spells                             Type                      Level
   a - Infusion                       Charms                       1
   b - Shroud of Golubria             Charms/Translocation         2
   c - Song of Slaying                Charms                       2
   d - Spectral Weapon                Hexes/Charms                 3
   e - Regeneration                   Charms/Necromancy            3
 A - a book of Fire

   Spells                             Type                      Level
   a - Ignite Poison                  Fire/Transmutation/Poison    3
   b - Fireball                       Conjuration/Fire             5
   c - Bolt of Fire                   Conjuration/Fire             6
   d - Delayed Fireball               Conjuration/Fire             7
   e - Ring of Flames                 Charms/Fire                  7
 B - a book of Burglary

   Spells                             Type                      Level
   a - Swiftness                      Charms/Air                   2
   b - Passwall                       Transmutation/Earth          2
   c - Passage of Golubria            Translocation                4
   d - Lee's Rapid Deconstruction     Earth                        5
   e - Darkness                       Hexes                        6
   f - Invisibility                   Hexes                        6
Comestibles
 b - 9 bread rations
 g - 9 slices of pizza
 m - 6 beef jerkies
 o - 8 meat rations
 D - 2 royal jellies
 M - 9 fruits


   Skills:
 - Level 5.3 Fighting
 - Level 5.6 Throwing
 - Level 6.6 Armour
 - Level 1.9 Dodging
 * Level 7.8 Shields
 + Level 12.7 Unarmed Combat


You had 11 spell levels left.
You didn't know any spells.

Dungeon Overview and Level Annotations

Branches:
Dungeon (11/15)            Temple (1/1) D:5            Lair (2/8) D:10
    Orc: D:9-12

Altars:
Ashenzari
Cheibriados
Dithmenos
Elyvilon
Fedhas
Gozag
Kikubaaqudgha
Makhleb
Nemelex Xobeh
Okawaru
Pakellas
Qazlal
Ru
Sif Muna
Trog
Vehumet
Xom
Yredelemnul
Zin
The Shining One

Shops:
D:4 ?   D:5 *


Innate Abilities, Weirdness & Mutations

You are too large for most types of armour.
You have claws for hands.
Your metabolism is lightning-fast.
You like to eat raw meat.
You heal very quickly.
You are covered in fur (AC +1).
You have very tough skin (AC +2).


Message History

You have reached level 12!
Your experience leads to an increase in your attributes!
Your base attributes are Str 25, Int 8, Dex 9.
Increase (S)trength, (I)ntelligence, or (D)exterity?
You feel stronger. x2
The wolf simulacrum closely misses you.
You claw the wolf simulacrum!
The wolf simulacrum vapourises!
You block the polar bear simulacrum's attack.
The polar bear simulacrum claws you but does no damage.
The polar bear simulacrum closely misses you.
You scratch the polar bear simulacrum. You mangle the death yak simulacrum!!
The polar bear simulacrum bites you but does no damage.
You block the polar bear simulacrum's attack.
The polar bear simulacrum claws you but does no damage.
The death yak simulacrum gores you!!
* * * LOW HITPOINT WARNING * * *
The death yak simulacrum freezes you!!
You die...

#### ##..## ##
##....##..##
#....§@Z...#
#.∩.∩§§Z....#
#.......##....
##....### ..#
##..## # ####


You could see a death yak simulacrum and a polar bear simulacrum.

Vanquished Creatures
  Erolcha (D:10)
  An unseen horror (D:9)
  A hill giant (D:10)
  Pikel (D:5)
  A black mamba (Lair:1)
  2 spiny frogs (Lair:1)
  Grinder (D:3)
  A wolf spider simulacrum (IceCv)
  The ghost of Avan the Conjurer, an amateur DEWz (D:3)
  5 yaks (Lair:1)
  2 wraiths
  A human (D:10)
  A basilisk (Lair:1)
  2 hippogriffs
  2 hell hounds (D:10)
  A water moccasin (Lair:1)
  Duvessa (D:5)
  4 sky beasts
  A necrophage (D:7)
  3 phantoms
  3 wasps (Lair:1)
  8 ice beasts (Lair:2)
  An ogre (D:9)
  3 centaurs
  A crocodile (Lair:1)
  An elf zombie (D:8)
  6 giant frogs
  2 elf skeletons (D:8)
  Dowan (D:5)
  An electric eel (Lair:1)
  5 wights (D:8)
  A howler monkey (D:8)
  2 crimson imps
  6 orc priests
  A human zombie (D:8)
  2 hounds
  A centaur skeleton (D:5)
  A giant frog skeleton (D:9)
  2 human skeletons (D:8)
  3 iguanas
  5 orc wizards
  8 worker ants
  A wolf simulacrum (IceCv)
  A killer bee zombie (D:9)
  A hound zombie (D:9)
  2 hound skeletons
  A worker ant zombie (D:7)
  3 mummies (Ossuary)
  3 river rats (Lair:1)
  14 adders
  4 shadow imps
  An adder skeleton (D:5)
  4 worms
  A dart slug (D:3)
  4 giant geckos
  18 orcs
  6 giant cockroaches
  4 hobgoblins
  2 jackals (D:3)
  6 quokkas
  2 ball pythons
  8 bats
  A giant gecko skeleton (D:4)
  5 giant newts
  6 goblins
  3 goblin zombies (Ossuary)
  A hobgoblin zombie (Ossuary)
  6 kobolds
  2 kobold zombies (Ossuary)
  A quokka zombie (D:7)
  4 rats
212 creatures vanquished.

Vanquished Creatures (collateral kills)
  A hippogriff (D:10)
  A worker ant (D:10)
2 creatures vanquished.

Vanquished Creatures (others)
  A sphinx (D:6)
  A bush (D:6)
  2 fungi
  3 plants (Lair:1)
7 creatures vanquished.

Grand Total: 221 creatures vanquished

Notes
Turn   | Place    | Note
--------------------------------------------------------------
     0 | D:1      | Avan the Troll Chaos Knight began the quest for the Orb.
     0 | D:1      | Reached XP level 1. HP: 22/22 MP: 0/0
   198 | D:1      | XOM: harmless Erth miscast
   386 | D:1      | Reached XP level 2. HP: 29/29 MP: 1/1
   596 | D:1      | XOM: mild Divn miscast
   837 | D:2      | Found a white marble altar of Elyvilon.
   840 | D:2      | Found a sparkling altar of Nemelex Xobeh.
   841 | D:2      | Found an opulent altar of Gozag.
   841 | D:2      | Found an iron altar of Okawaru.
   856 | D:2      | XOM is BORED!
   856 | D:2      | XOM: stat loss: -1 Str (18/19)
   923 | D:2      | Found a burning altar of Makhleb.
   932 | D:2      | Reached skill level 1 in Throwing
   932 | D:2      | Reached skill level 4 in Unarmed Combat
   932 | D:2      | Reached XP level 3. HP: 33/36 MP: 2/2
  1119 | D:2      | Reached XP level 4. HP: 44/44 MP: 3/3
  1185 | D:2      | XOM: silly message
  1350 | D:2      | Found a shimmering altar of Xom.
  1401 | D:2      | XOM: god gift: scroll labeled GORUTW QEMUOPATIC
  1433 | D:2      | Found a sparkling altar of Nemelex Xobeh.
  1491 | D:3      | XOM: divination: detect items
  1545 | D:3      | Noticed Avan's ghost (amateur DEWz)
  1547 | D:3      | Noticed a sky beast
  1620 | D:3      | Killed a sky beast
  1620 | D:3      | Reached skill level 5 in Unarmed Combat
  1620 | D:3      | Reached XP level 5. HP: 28/50 MP: 4/4
  1655 | D:2      | XOM: harmless Divn miscast
  1676 | D:3      | XOM: harmless Air miscast
  1694 | D:3      | XOM: potion effect (agility)
  1701 | D:3      | Killed Avan's ghost
  1701 | D:3      | Reached skill level 6 in Unarmed Combat
  1701 | D:3      | Reached XP level 6. HP: 52/59 MP: 5/5
  1834 | D:3      | Noticed Grinder
  1842 | D:3      | Killed Grinder
  1842 | D:3      | Reached XP level 7. HP: 55/66 MP: 6/6
  1950 | D:3      | Reached skill level 7 in Unarmed Combat
  2516 | D:4      | XOM: mild Conj miscast
  2581 | D:4      | XOM: silly message
  2616 | D:4      | XOM: 2-stop teleportation journey
  2622 | D:4      | Found Zixy's Magic Scroll Shop.
  3237 | D:5      | Entered Level 5 of the Dungeon
  3282 | D:5      | XOM: blink monster(s)
  3400 | D:5      | Noticed Duvessa
  3402 | D:5      | Noticed Dowan
  3406 | D:5      | Killed Duvessa
  3406 | D:5      | Reached skill level 8 in Unarmed Combat
  3411 | D:5      | Killed Dowan
  3425 | D:5      | Found Eolag's Eclectic Emporium.
  3463 | D:5      | Found a staircase to the Ecumenical Temple.
  3472 | D:5      | XOM: potion effect (invisibility)
  3477 | D:5      | Reached XP level 8. HP: 74/74 MP: 7/7
  3498 | Temple   | Entered the Ecumenical Temple
  3651 | D:5      | Noticed Pikel
  3655 | D:5      | XOM: potion effect (berserk rage)
  3663 | D:5      | Killed Pikel
  3663 | D:5      | Reached skill level 5 in Throwing
  3663 | D:5      | Reached skill level 9 in Unarmed Combat
  3681 | D:5      | XOM: divination: detect items
  3710 | D:5      | XOM: harmless Erth miscast
  3837 | D:5      | Found a shadowy altar of Dithmenos.
  3944 | D:5      | XOM: smoke on damage
  4064 | D:5      | XOM: god gift: ring mail {god gift}
  4214 | D:5      | XOM: scenery: create altars
  4364 | D:6      | Found a shattered altar of Ashenzari.
  4427 | D:6      | XOM: enchant monster (good)
  4506 | D:6      | XOM: mild Fire miscast
  4527 | D:6      | XOM: enchant monster (good)
  4568 | D:6      | Reached skill level 10 in Unarmed Combat
  4581 | D:6      | XOM: smoke on damage
  4732 | D:6      | XOM: cast spell 'Dragon Form'
  4763 | D:6      | Found an oddly glowing altar of Pakellas.
  4764 | D:6      | Noticed a sphinx
  4784 | D:6      | Killed a sphinx
  4963 | D:7      | Reached XP level 9. HP: 71/80 MP: 8/8
  5254 | D:7      | XOM: harmless Erth miscast
  5288 | D:7      | Found a sacrificial altar of Ru.
  5319 | D:7      | Found a glowing silver altar of Zin.
  5424 | D:7      | XOM: scenery: create altars
  5658 | D:7      | XOM: scenery: create altars
  5823 | D:8      | XOM: give mutations
  5823 | D:8      | Gained mutation: You are dopey. (Int -2) [Xom's mischief]
  5823 | D:8      | Gained mutation: Scrolls take you a little longer to read. [Xom's mischief]
  5823 | D:8      | Gained mutation: Armour fits poorly on your strangely shaped body. [Xom's mischief]
  5823 | D:8      | Gained mutation: You are clumsy. (Dex -2) [Xom's mischief]
  5976 | D:8      | Reached skill level 11 in Unarmed Combat
  5997 | D:8      | XOM: scenery: 2 doors open, 5 doors close
  5997 | D:8      | Found a sand-covered staircase.
  6011 | Ossuary  | Entered an ossuary
  6555 | D:8      | Found a glowing golden altar of the Shining One.
  6716 | D:8      | XOM: noise
  6857 | D:8      | XOM: vitrification
  6876 | D:8      | XOM: blink monster(s)
  6906 | D:8      | Found a blossoming altar of Fedhas.
  7196 | D:9      | XOM: divination: detect creatures
  7273 | D:9      | XOM: 1-stop teleportation journey
  7326 | D:9      | XOM: god gift: dented emerald amulet {god gift}
  7394 | D:9      | Got an ivory long sword
  7452 | D:9      | XOM is BORED!
  7452 | D:9      | XOM: medium Trmt miscast
  7474 | D:9      | XOM: summons 3 hostile demons
  7629 | D:9      | Got a twitching golden ring
  7633 | D:9      | Identified the ring of Cimatwa {MR+ Str+2 Int+5} (You found it on level 9 of the Dungeon)
  7636 | D:9      | Identified the +7 long sword of True Grit {speed, Str+8} (You found it on level 9 of the Dungeon)
  7662 | D:9      | Reached skill level 12 in Unarmed Combat
  7695 | D:9      | Found a snail-covered altar of Cheibriados.
  7703 | D:9      | Reached XP level 10. HP: 94/94 MP: 9/9
  7854 | D:9      | Reached skill level 5 in Fighting
  7929 | D:10     | Entered Level 10 of the Dungeon
  7936 | D:10     | Noticed Erolcha
  7942 | D:10     | Killed Erolcha
  8128 | D:10     | Identified 2 scrolls of acquirement
  8130 | D:10     | Got a distressingly furry shield
  8135 | D:10     | Identified the +1 shield of the Pits of Slime {Int+3} (You acquired it on level 10 of the Dungeon)
  8144 | D:10     | Got a pitted mottled dragon armour
  8147 | D:10     | Identified the +7 mottled dragon armour of Qeulic {Dex+5} (You acquired it on level 10 of the Dungeon)
  8255 | D:10     | XOM: summons friendly white imp
  8259 | D:10     | Reached skill level 1 in Armour
  8259 | D:10     | Reached skill level 1 in Shields
  8394 | D:10     | XOM: god gift: 810 gold pieces
  8416 | D:10     | You fall through a shaft!
  8453 | D:11     | XOM: cast spell 'Summon Butterflies'
  8657 | D:9      | Killed an unseen horror
  8853 | D:4      | Bought a scroll of acquirement for 624 gold pieces
  8872 | D:4      | XOM: summons 5 hostile demons
  8950 | D:5      | Bought a potion of experience for 650 gold pieces
  8950 | D:5      | Reached XP level 11. HP: 104/104 MP: 10/10
  9214 | D:10     | Found a staircase to the Lair.
  9239 | D:10     | XOM: summons friendly quasit
  9282 | D:10     | Noticed a hill giant
  9287 | D:10     | XOM: swap monsters
  9287 | D:10     | Killed a hill giant
  9297 | Lair:1   | Entered Level 1 of the Lair of Beasts
  9382 | Lair:1   | XOM: give mutations
  9382 | Lair:1   | Gained mutation: You are very clumsy. (Dex -4) [Xom's mischief]
  9382 | Lair:1   | Lost mutation: You are very clumsy. (Dex -4) [Xom's mischief]
  9382 | Lair:1   | Lost mutation: Scrolls take you a little longer to read. [Xom's mischief]
  9382 | Lair:1   | Lost mutation: You are dopey. (Int -2) [Xom's mischief]
  9802 | Lair:1   | XOM: summons 1 hostile demon
  9932 | Lair:1   | XOM: severe Tloc miscast
 10118 | Lair:1   | XOM: stat loss: -1 Int (15/16)
 10119 | Lair:1   | XOM: polymorph yak -> basilisk
 10128 | Lair:1   | XOM: confusion
 10260 | Lair:1   | XOM: harmless Necr miscast
 10471 | Lair:2   | Found a frozen archway.
 10473 | Lair:2   | Gained mutation: You tend to lose your temper in combat. [potion of mutation]
 10473 | Lair:2   | Gained mutation: You are weak. (Str -2) [potion of mutation]
 10474 | Lair:2   | Gained mutation: Your body sometimes deteriorates upon taking damage. [potion of mutation]
 10474 | Lair:2   | Lost mutation: You are weak. (Str -2) [potion of mutation]
 10474 | Lair:2   | Gained mutation: Your magical capacity is low (-10% MP). [potion of mutation]
 10475 | Lair:2   | Lost mutation: Armour fits poorly on your strangely shaped body. [potion of cure mutation]
 10475 | Lair:2   | Lost mutation: You are clumsy. (Dex -2) [potion of cure mutation]
 10475 | Lair:2   | Lost mutation: Your magical capacity is low (-10% MP). [potion of cure mutation]
 10475 | Lair:2   | Lost mutation: You tend to lose your temper in combat. [potion of cure mutation]
 10475 | Lair:2   | Lost mutation: Your body sometimes deteriorates upon taking damage. [potion of cure mutation]
 10536 | IceCv    | Entered an ice cave
 10540 | IceCv    | XOM: smoke on damage
 10541 | IceCv    | Reached XP level 12. HP: 44/111 MP: 11/11
 10544 | IceCv    | Slain by a death yak simulacrum

Skill      XL: |  1  2  3  4  5  6  7  8  9 10 11 |
---------------+----------------------------------+-----
Throwing       | 1 2 3 4 5 |  5.6
Unarmed Combat | 4 5 6 8 10 12 | 12.7
Fighting       | 4 5 |  5.3
Armour         | 6 |  6.6
Shields        | 6 7 |  7.8
Dodging        | |  1.9

Action                   |  1- 3 |  4- 6 |  7- 9 | 10-12 || total
-------------------------+-------+-------+-------+-------++-------
Melee: Unarmed           |    63 |    90 |   401 |   243 ||   797
       Punch             |       |     2 |    17 |     1 ||    20
 Abil: Evoke Berserk Rag |       |       |       |     1 ||     1
  Use: Scroll            |     3 |     1 |    10 |    11 ||    25
       Potion            |       |       |     8 |     5 ||    13
 Stab: Sleeping          |     1 |       |       |       ||     1
       Invisible         |       |       |     2 |       ||     2
  Eat: Chunk             |    16 |     6 |    43 |    28 ||    93
       Bread ration      |       |       |     1 |     1 ||     2
       Pizza             |       |       |       |     1 ||     1
Armor: Robe              |    31 |    36 |   103 |     7 ||   177
       Mottled dragon ar |       |       |       |   135 ||   135
Dodge: Dodged            |    31 |    52 |   147 |    93 ||   323
Block: Shield            |       |       |       |   124 ||   124
